 Dungeon Crawl Stone Soup version 0.22-a0-469-gf26638a (webtiles) character file.

8345 4thArraOfDagon the Cleaver (level 11, 0/162 HPs)
             Began as a Hill Orc Monk on June 13, 2018.
             Was a High Priest of Okawaru.
             Incinerated by Azrael (1 damage)
             ... with a sticky flame
             ... on level 12 of the Dungeon.
             The game lasted 00:16:55 (3235 turns).

4thArraOfDagon the Cleaver (Hill Orc Monk)          Turns: 3235, Time: 00:16:56

Health: 0/162      AC: 25    Str: 15    XL:     11   Next: 29%
Magic:  11/17      EV:  2    Int: 13    God:    Okawaru [*****.]
Gold:   308        SH:  0    Dex: 13    Spells: 10/10 levels left

rFire    + . .     SeeInvis .   d - +2 war axe (vamp)
rCold    + . .     Gourm    .   (no shield)
rNeg     + + +     Faith    .   (armour currently unavailable)
rPois    +         Spirit   .   (helmet currently unavailable)
rElec    +         Reflect  .   (cloak currently unavailable)
rCorr    +         Harm     .   (gloves currently unavailable)
MR       +....     NoTele   +   (boots currently unavailable)
Stlth    ++........             (no amulet)
HPRegen  0.37/turn              (no ring)
MPRegen  0.15/turn              (no ring)

@: liquid flames, tree-form, resistant, heroism, finesse, glowing
A: magic resistance 1, robust 1
a: Heroism, Finesse, Renounce Religion


You were on level 12 of the Dungeon.
You worshipped Okawaru.
Okawaru was extremely pleased with you.
You were not hungry.
You were a tree.
You visited 2 branches of the dungeon, and saw 13 of its levels.

You collected 308 gold pieces.

Inventory:

Hand Weapons
 a - a +0 hand axe
 d - a +2 vampiric war axe (weapon)
 l - a +1 mace of protection
Armour
 b - a +0 robe
 c - a +0 scale mail (melded)
 f - a +0 pair of boots (melded)
 i - a +0 pair of gloves (melded)
Wands
 o - a wand of iceblast (9)
 r - a wand of paralysis (6)
 s - a wand of flame (16)
 t - a wand of acid (10)
Scrolls
 j - 2 scrolls of remove curse
 k - a scroll of fog {unknown}
 m - a scroll of teleportation {unknown}
 p - a scroll of magic mapping
Potions
 h - a potion of brilliance
 n - 4 potions of flight
 u - 3 potions of lignification
Comestibles
 g - 12 rations
 x - 6 chunks of flesh


   Skills:
 + Level 9.7(14.7) Fighting
 * Level 13.7(18.7) Axes
 + Level 5.3(10.3) Armour
 + Level 6.7(11.7) Dodging
 - Level 1.5(6.5) Stealth
 + Level 9.1 Invocations


You had 10 spell levels left.
You didn't know any spells.
Your spell library contained the following spells:

 Spells                   Type           Power        Failure   Level  Hunger
 Magic Dart               Conj           #...         30%         1    ##.....
 Apportation              Tloc           #.....       30%         1    ##.....
 Summon Small Mammal      Summ           #...         30%         1    ##.....
 Iskenderun's Mystic Bla  Conj           #.......     97%         4    #####..
 Animate Skeleton         Necr           N/A          30%         1    ##.....
 Confusing Touch          Hex            #.....       30%         1    ##.....
 Fulminant Prism          Conj/Hex       #.........   97%         4    #####..
 Dazzling Spray           Conj/Hex       #.....       67%         3    ####...
 Force Lance              Conj/Tloc      #.......     97%         4    #####..
 Searing Ray              Conj           #.....       43%         2    ###....


Dungeon Overview and Level Annotations

Branches:
Dungeon (12/15)            Temple (1/1) D:5            Lair (0/6) D:9
    Orc (0/2) D:9

Altars:
Ashenzari
Dithmenos
Elyvilon
Fedhas
Gozag
Hepliaklqana
Nemelex Xobeh
Okawaru
Ru
Sif Muna
Trog
Uskayaw
Wu Jian
Xom
The Shining One

Shops:
D:8 }   D:12 ?

Annotations:
D:12 Azrael


Innate Abilities, Weirdness & Mutations

You are resistant to hostile enchantments. (MR+)
You are robust. (+10% HP)


Message History

* * * LOW HITPOINT WARNING * * *
Unknown command.
Unknown command.
Unknown command.
Unknown command.
You slash Azrael!
Azrael is severely wounded.
You are covered in liquid flames!
A bullfrog zombie comes into view.
Azrael gestures at you.
The fireball explodes!
The fireball engulfs you! You resist.
* * * LOW HITPOINT WARNING * * *
The fireball engulfs Azrael.
Azrael completely resists.
Unknown command.
Unknown command.
It was a potion of mutation.
You feel extremely strange.
You feel resistant to hostile enchantments.
You feel robust.
You are covered in liquid flames!
You die...

*#.*#.#****,,,,,,,,,*,,,**,**
,#.##.# #Z..........#.,,,**
,#..<.# #.............,,,,**
,##...# #.............,,,,,**
**##..# #.............,,,,,,*
,,,##.######...(...?....,,,,,,*
,_,#.....##........∩.$..,,,,,,*
,,,#...........R........,,,,,**
#+##............♣†..#,,,,,,,**
....................##,,,****
.8....................?.,*
.......[...........Z..$#,**
.....................###,,*
................###....**,**
........................,,,*
.###....................,,,* **
####...#....###..,..*****


You could see Azrael, a bullfrog zombie and a centaur zombie.

Vanquished Creatures
  An ogre mage (D:11)
  An unseen horror (D:11)
  A cyclops (D:11)
  An ugly thing (D:10)
  A freezing wraith (D:11)
  A troll (D:7)
  A hippogriff (D:10)
  A vampire (D:11)
  5 yaks (D:9)
  A wyvern (D:9)
  A human (D:7)
  3 fire elementals (D:12)
  4 hogs (D:7)
  2 hungry ghosts
  2 wargs (D:9)
  2 hell hounds (D:12)
  An acid dragon (D:12)
  A soldier ant (D:11)
  Duvessa (D:7)
  2 ice beasts
  2 sky beasts
  A necrophage (D:11)
  2 orc warriors
  4 ogres
  A centaur (D:10)
  2 big kobolds
  3 bullfrogs
  A scorpion (D:9)
  Dowan (D:7)
  A killer bee (D:11)
  6 wights
  2 bullfrog zombies
  A crimson imp (D:8)
  3 hounds
  5 orc priests
  3 jellies
  A centaur zombie (D:11)
  A bullfrog skeleton (D:9)
  5 orc wizards
  An iguana (D:6)
  3 worker ants
  A hound zombie (D:8)
  A hound skeleton (D:4)
  4 gnolls
  6 adders
  4 shadow imps
  An adder zombie (D:9)
  An adder skeleton (D:6)
  A worm (D:6)
  A dart slug (D:4)
  3 leopard geckos
  15 orcs
  A bat (D:3)
  A giant cockroach (D:7)
  10 kobolds
  6 quokkas
  2 frilled lizards
  2 goblins (D:1)
  A jackal skeleton (D:7)
  A quokka zombie (D:6)
144 creatures vanquished.

Notes
Turn   | Place    | Note
-------+----------+-------------------------------------------
     0 | D:1      | 4thArraOfDagon the Hill Orc Monk began the quest for the Orb.
     0 | D:1      | Reached XP level 1. HP: 19/19 MP: 1/1
   142 | D:3      | Reached XP level 2. HP: 21/27 MP: 2/2
   215 | D:3      | Noticed a howler monkey
   233 | D:3      | Noticed an ogre
   372 | D:3      | Reached XP level 3. HP: 33/33 MP: 3/3
   427 | D:4      | Reached skill level 5 in Axes
   427 | D:4      | Reached XP level 4. HP: 16/40 MP: 4/4
   583 | D:5      | Entered Level 5 of the Dungeon
   601 | D:5      | Reached skill level 6 in Axes
   601 | D:5      | Reached XP level 5. HP: 36/47 MP: 5/5
   635 | D:5      | Found a staircase to the Ecumenical Temple.
   644 | Temple   | Entered the Ecumenical Temple
   663 | Temple   | Became a worshipper of Warmaster Okawaru
   663 | Temple   | Reached * piety under Okawaru
   663 | Temple   | Reached ** piety under Okawaru
   679 | D:5      | Noticed an ogre
   693 | D:5      | Killed an ogre
   693 | D:5      | Reached skill level 1 in Invocations
   693 | D:5      | Reached XP level 6. HP: 18/55 MP: 2/7
   755 | D:5      | Noticed a phantom
   793 | D:6      | Reached skill level 5 in Fighting
   831 | D:6      | Noticed an orc warrior
   874 | D:7      | Noticed a troll
   900 | D:7      | Killed a troll
   900 | D:7      | Reached skill level 7 in Axes
   900 | D:7      | Reached XP level 7. HP: 61/61 MP: 3/9
  1054 | D:6      | Reached skill level 8 in Axes
  1335 | D:7      | Noticed Dowan
  1335 | D:7      | Noticed Duvessa
  1343 | D:7      | Killed Dowan
  1356 | D:7      | Killed Duvessa
  1356 | D:7      | Reached *** piety under Okawaru
  1356 | D:7      | Reached XP level 8. HP: 36/70 MP: 3/11
  1418 | D:7      | Reached skill level 9 in Axes
  1451 | D:7      | Reached skill level 5 in Invocations
  1457 | D:7      | Reached **** piety under Okawaru
  1461 | D:7      | Reached skill level 10 in Axes
  1466 | D:7      | Reached XP level 9. HP: 77/79 MP: 5/13
  1572 | D:7      | Reached skill level 5 in Dodging
  1690 | D:7      | Found a shadowy altar of Dithmenos.
  1795 | D:8      | Found Estrighawk's Gadget Shop.
  1795 | D:8      | Found a shimmering altar of Xom.
  1838 | D:8      | Found a shimmering altar of Xom.
  1838 | D:8      | Found a shimmering altar of Xom.
  2288 | D:9      | Reached skill level 11 in Axes
  2288 | D:9      | Reached skill level 1 in Armour
  2370 | D:10     | Entered Level 10 of the Dungeon
  2370 | D:10     | Noticed a red ugly thing
  2557 | D:9      | Reached ***** piety under Okawaru
  2562 | D:9      | Reached XP level 10. HP: 41/88 MP: 0/15
  2562 | D:9      | Reached skill level 12 in Axes
  2581 | D:9      | Received a gift from Okawaru
  2603 | D:9      | Found a staircase to the Lair.
  2640 | D:9      | Found a staircase to the Orcish Mines.
  2815 | D:10     | Killed a red ugly thing
  2890 | D:11     | Noticed a cyclops
  2901 | D:11     | Killed a cyclops
  2946 | D:11     | Killed an unseen horror
  2946 | D:11     | Reached skill level 13 in Axes
  3028 | D:11     | Noticed an ogre mage
  3049 | D:11     | Killed an ogre mage
  3049 | D:11     | Reached skill level 5 in Armour
  3049 | D:11     | Reached XP level 11. HP: 97/97 MP: 11/17
  3117 | D:11     | Noticed a six-headed hydra
  3200 | D:12     | Found Wirouniun's Magic Scroll Emporium.
  3203 | D:12     | Noticed Azrael
  3231 | D:12     | HP: 3/148 [Azrael/fireball (10)]
  3234 | D:12     | HP: 1/148 [Azrael/fireball (1)]
  3235 | D:12     | Gained mutation: You are resistant to hostile enchantments. (MR+) [potion of mutation]
  3235 | D:12     | Gained mutation: You are robust. (+10% HP) [potion of mutation]
  3235 | D:12     | Incinerated by Azrael

Vault maps used:
D:1:      nzn_arrival_crosshair
D:2:      kennysheep_generic_room_14
D:3:      cheibrodos_old_hovel, minmay_overflow_temple_star_hex, fedhas_altar_4
D:5:      kennysheep_mini_moat, minmay_temple_entry_statues_fountains,
          first_ration
D:6:      kennysheep_spiral_hall, marbit_many_paths, uniq_prince_ribbit1
D:7:      grunt_livestock, hangedman_abyss_or_decor_lesser_grid,
          grunt_dithmenos_shadows, uniq_duvessa
D:8:      serial_shops, shop, shop, xom_shifter_show
D:9:      lemuel_coloured_pillars_altar, erik_lair_orcish_takeover, orc_0_dummy
D:10:     minivault_12, uniq_psyche
D:11:     minmay_ornate_pinched, basic_altar, corexii_hall_statues_i
D:12:     lab_entry_generic, serial_shops, shop_scrolls, serial_curves,
          eino_curves_03, eino_curves_01, portal_ice_cave_entry_imps,
          david_defended_altar_elf, uniq_azrael
Temple:   eino_temple_lava

Skill      XL: |  1  2  3  4  5  6  7  8  9 10 11 |
---------------+----------------------------------+-----
Fighting       | 4 5 6 7 8 9 |  9.7
Axes           | 5 6 7 8 10 11 13 | 13.7
Dodging        | 3 4 5 6 |  6.7
Invocations    | 1 3 4 5 7 8 9 |  9.1
Armour         | 2 5 |  5.3
Stealth        | |  1.5

Action                   |  1- 3 |  4- 6 |  7- 9 | 10-12 || total
-------------------------+-------+-------+-------+-------++-------
Melee: Hand axe          |    47 |       |       |       ||    47
       War axe           |    12 |    61 |   233 |   229 ||   535
       Punch             |       |       |     2 |     2 ||     4
Invok: Heroism           |       |     4 |    12 |     5 ||    21
       Finesse           |       |       |       |     3 ||     3
Evoke: Wand              |       |       |     3 |     1 ||     4
  Use: Potion            |     4 |     1 |       |     3 ||     8
       Scroll            |       |     3 |     2 |     5 ||    10
 Stab: Sleeping          |     1 |       |     1 |       ||     2
       Paralysed         |       |       |       |     3 ||     3
       Distracted        |       |       |       |     1 ||     1
  Eat: Ration            |     1 |       |     1 |       ||     2
       Chunk             |       |     1 |     4 |     5 ||    10
Armor: Robe              |     5 |       |       |       ||     5
       Scale mail        |     4 |    27 |    81 |    62 ||   174
Dodge: Dodged            |    38 |    44 |   145 |   105 ||   332

Table legend:
 A = Spawn XP
 B = Non-spawn XP
 C = Spawn XP percentage of total XP
 D = Spawn monster count
 E = Non-spawn monster count
 F = Spawn count percentage of total count
 G = Total turns spent on level
                    A         B        C        D         E        F      G
               +---------+---------+-------+---------+---------+-------+---------
         Total |       0 |   11922 |   0.0 |       0 |     144 |   0.0 |  3235
               +---------+---------+-------+---------+---------+-------+---------
           D:1 |       0 |       4 |   0.0 |       0 |       3 |   0.0 |    80
           D:2 |       0 |       2 |   0.0 |       0 |       1 |   0.0 |    91
           D:3 |       0 |      29 |   0.0 |       0 |       7 |   0.0 |   192
           D:4 |       0 |      98 |   0.0 |       0 |       7 |   0.0 |   220
           D:5 |       0 |     203 |   0.0 |       0 |       4 |   0.0 |   158
           D:6 |       0 |     313 |   0.0 |       0 |      17 |   0.0 |   381
           D:7 |       0 |    2148 |   0.0 |       0 |      32 |   0.0 |   577
           D:8 |       0 |     345 |   0.0 |       0 |       7 |   0.0 |   340
           D:9 |       0 |    2432 |   0.0 |       0 |      25 |   0.0 |   591
          D:10 |       0 |     844 |   0.0 |       0 |       3 |   0.0 |   147
          D:11 |       0 |    4416 |   0.0 |       0 |      29 |   0.0 |   361
          D:12 |       0 |    1088 |   0.0 |       0 |       9 |   0.0 |    68
               +---------+---------+-------+---------+---------+-------+---------
